 Dungeon Crawl Stone Soup version 0.22.1-1-ga44c0e5 (webtiles) character file.

2 Monsterracer the Sneak (level 1, -2/14 HPs)
             Began as a Formicid Air Elementalist on Oct 9, 2018.
             Slain by a goblin
             ... wielding a +0 club
              (6 damage)
             ... on level 1 of the Dungeon.
             The game lasted 00:01:11 (113 turns).

Monsterracer the Sneak (Formicid Air Elementalist)   Turns: 113, Time: 00:01:11

Health: -2/14      AC:  2    Str: 12    XL:     1   Next: 44%
Magic:  0/3        EV: 12    Int: 14    God:
Gold:   10         SH:  0    Dex: 11    Spells: 3/4 levels left

rFire    . . .     SeeInvis +   (no weapon)
rCold    . . .     Gourm    .   (no shield)
rNeg     . . .     Faith    .   a - +0 robe
rPois    .         Spirit   .   (helmet unavailable)
rElec    .         Reflect  .   (no cloak)
rCorr    .         Harm     .   (no gloves)
MR       .....                  (no boots)
Stlth    ++........             (no amulet)
HPRegen  0.04/turn              (no ring)
MPRegen  0.08/turn              (no ring)

@: very slightly contaminated
A: permanent stasis, dig shafts and tunnels, four strong arms, antennae 3
a: Dig, Shaft Self


You were on level 1 of the Dungeon.
You were not hungry.

You visited 1 branch of the dungeon, and saw 1 of its levels.

You collected 10 gold pieces.

Inventory:

Armour
 a - a +0 robe (worn)
Comestibles
 c - a ration


   Skills:
 + Level 0.9 Fighting
 - Level 1.7 Dodging
 - Level 2.4 Stealth
 - Level 2.1 Spellcasting
 - Level 0.8 Conjurations
 - Level 2.4 Air Magic


You had 3 spell levels left.
You knew the following spells:

 Your Spells              Type           Power        Failure   Level  Hunger
a - Shock                 Conj/Air       #...         12%         1    #......

Your spell library contained the following spells:

 Spells                   Type           Power        Failure   Level  Hunger
 Swiftness                Chrm/Air       #.......     22%         2    ###....
 Static Discharge         Conj/Air       #.......     34%         3    ###....
 Airstrike                Air            #.........   65%         4    #####..
 Lightning Bolt           Conj/Air       #.........   97%         5    ######.


Dungeon Overview and Level Annotations

Branches:
Dungeon (1/15)

Altars:


Innate Abilities, Weirdness & Mutations

You cannot be hasted, slowed, berserked, paralysed or teleported.
You can dig through walls and to a lower floor.
Your four strong arms can wield two-handed weapons with a shield.
You have a pair of large antennae on your head. (SInv)


Message History

Confirm with . or Enter, or press ? or * to list all spells.
You can't see any susceptible monsters within range! (Use Z to cast anyway.) Unknown command.
Magic restored.
You sense a monster nearby.
Found 28 sling bullets.
MP restored: 3 A frilled lizard and a goblin come into view.
Found 28 stones.
The goblin shouts!
The frilled lizard hisses angrily.
A kobold comes into view. It is wielding a dagger.
Unknown command.
Casting: Shock (safe; 12% risk of failure)
Confirm with . or Enter, or press ? or * to list all spells.
Aiming: Shock (safe; 12% risk of failure)
Press: ? - help, Shift-Dir - straight line, f - frilled lizard
Aim: a frilled lizard The zap misses the frilled lizard.
The zap hits the goblin.
The goblin is moderately wounded.
The zap hits the kobold.
The kobold is moderately wounded.
A hobgoblin comes into view. It is wielding a club.
You now have 2/3 mp.
Casting: Shock (safe; 12% risk of failure)
Confirm with . or Enter, or press ? or * to list all spells.
Aiming: Shock (safe; 12% risk of failure)
Press: ? - help, Shift-Dir - straight line, f/p - frilled lizard
Aim: a frilled lizard The zap misses the frilled lizard.
The zap misses the goblin.
The zap hits the kobold.
The kobold is severely wounded.
The zap hits the hobgoblin.
The hobgoblin is heavily wounded.
The hobgoblin shouts!
The frilled lizard hisses.
You now have 1/3 mp.
Casting: Shock (safe; 12% risk of failure)
Confirm with . or Enter, or press ? or * to list all spells.
Aiming: Shock (safe; 12% risk of failure)
Press: ? - help, Shift-Dir - straight line, f/p - frilled lizard
Aim: a frilled lizard The zap hits the frilled lizard.
You kill the frilled lizard!
The zap misses the goblin.
The zap misses the kobold.
The zap misses the hobgoblin.
Health restored: 14 You now have 0/3 mp.
Casting: Shock (safe; 12% risk of failure)
Confirm with . or Enter, or press ? or * to list all spells.
Aiming: Shock (safe; 12% risk of failure)
Press: ? - help, Shift-Dir - straight line You miscast Shock.
You are very lightly contaminated with residual magic.
You are momentarily dazzled by a flash of light!
The goblin hits you with a club.
You take 1 damage, and have 13/14 hp.
You now have 0/3 mp.
You hit the goblin but do no damage.
The goblin is moderately wounded.
The goblin closely misses you.
Casting: Shock (safe; 12% risk of failure)
Confirm with . or Enter, or press ? or * to list all spells.
Aiming: Shock (safe; 12% risk of failure)
Press: ? - help, Shift-Dir - straight line The zap misses the goblin.
The zap hits the kobold.
You kill the kobold!
The zap hits the hobgoblin.
The hobgoblin appears unharmed.
The hobgoblin is heavily wounded.
The goblin hits you with a club.
You take 5 damage, and have 8/14 hp.
MASSIVE DAMAGE!!
You now have 0/3 mp.
Unknown command.
Your magical contamination has completely faded away.
Casting: Shock (safe; 12% risk of failure)
Confirm with . or Enter, or press ? or * to list all spells.
Aiming: Shock (safe; 12% risk of failure)
Press: ? - help, Shift-Dir - straight line, f - hobgoblin
Aim: a hobgoblin, wielding a club (moderately wounded)
You miscast Shock.
You are very lightly contaminated with residual magic.
Your skin tingles.
You now have 0/3 mp.
The goblin completely misses you. The goblin closely misses you.
Okay, then.
As you read the scroll labeled XOEBOS ILEERUI, it crumbles to dust.
It is a scroll of identify.
You don't have any unidentified items.
You barely miss the goblin. The goblin barely misses you.
The hobgoblin hits you with a club.
* * * LOW HITPOINT WARNING * * *
You take 5 damage, and have 4/14 hp.
MASSIVE DAMAGE!!
You barely miss the hobgoblin.
The hobgoblin is moderately wounded.
The goblin hits you but does no damage.
The hobgoblin hits you but does no damage.
Unknown command.
Unknown command.
You barely miss the hobgoblin.
The hobgoblin is moderately wounded.
The goblin hits you with a club.
You die...

#.# ##...##.<#
#.# ##.##....##
#.# #..##...## {
#.# ###..######
#.# ####......##
#g###....####..#
#)##.#..## ##.##
#.#...#....#
#.g##
#.#..####..#
##g@# #...##
.#.# #### #####
. .# .. .# .. .
##.


You could see a hobgoblin and a goblin.

Vanquished Creatures
  A kobold (D:1)
  A frilled lizard (D:1)
  A goblin (D:1)
3 creatures vanquished.

Notes
Turn   | Place    | Note
-------+----------+-------------------------------------------
     0 | D:1      | Monsterracer the Formicid Air Elementalist began the quest
                  | for the Orb.
     0 | D:1      | Reached XP level 1. HP: 13/13 MP: 3/3
   111 | D:1      | HP: 4/14 [hobgoblin/club (5)]
   113 | D:1      | Slain by a goblin

Action                   || total
-------------------------++-------
Melee: Unarmed           ||     4
 Cast: Shock             ||     5
  Use: Scroll            ||     1
Armor: Robe              ||     2
Dodge: Dodged            ||     4

Vault maps used:
D:1:      lemuel_arrival_tunnels, minmay_small_reverse_x
